 Dungeon Crawl Stone Soup version 0.31-a0-963-ga325b2283a (webtiles) character file.

Game seed: 6257435557640294501

2083 Pixllover the Cleaver (level 9, -3/78 HPs)
             Began as a Hill Orc Monk on Oct 25, 2023.
             Was a Priest of Beogh.
             Killed by vampiric draining
             ... invoked by Talonman3's ghost
              (8 damage)
             ... on level 3 of the Dungeon.
             The game lasted 00:12:25 (6832 turns).

Pixllover the Cleaver (Hill Orc Monk)               Turns: 6832, Time: 00:12:25

Health: -3/78      AC: 13    Str: 18    XL:     9   Next: 27%
Magic:  0/9        EV:  9    Int: 10    God:    Beogh [***...]
Gold:   346        SH:  0    Dex: 13    Spells: 8/8 levels left

rFire   . . .        a - +0 battleaxe
rCold   . . .        (shield currently unavailable)
rNeg    . . .        C - +0 chain mail
rPois   .            o - +1 helmet
rElec   .            (no cloak)
rCorr   +            (no gloves)
SInv    +            y - +0 pair of boots
Will    .....        q - amulet of guardian spirit Stlth
                     D - ring of see invisible
HPRegen 0.33/turn    z - ring of resist corrosion
MPRegen 0.11/turn

%: guardian spirit
@: lethally poisoned (-3 -> -21)
A: no striking features
a: Renounce Religion, Smiting


You were on level 3 of the Dungeon.
You worshipped Beogh.
Beogh was most pleased with you.
You visited 1 branch of the dungeon, and saw 7 of its levels.

You collected 374 gold pieces.
You spent 28 gold pieces at shops.

Inventory:

Hand Weapons
 a - a +0 battleaxe (weapon)
Missiles
 n - 21 poisoned darts (quivered)
Armour
 d - an orb of light
 o - a +1 helmet (worn)
 y - a +0 pair of boots (worn)
 C - a +0 chain mail (worn)
Jewellery
 f - a +6 ring of strength
 q - an amulet of guardian spirit (around neck)
 z - a ring of resist corrosion (right hand)
 D - a ring of see invisible (left hand)
Wands
 b - a wand of paralysis (10)
 w - a wand of polymorph (7)
 B - a wand of roots (18)
 F - a wand of digging (6)
 G - a wand of flame (20)
Scrolls
 g - 2 scrolls of noise
 i - 5 scrolls of teleportation
 j - 3 scrolls of enchant weapon
 k - a scroll of revelation
 m - a scroll of brand weapon {unknown}
 t - 2 scrolls of blinking
 u - 2 scrolls of poison {unknown}
 v - a scroll of silence {unknown}
 E - a scroll of immolation
 H - a scroll of fear {unknown}
Potions
 c - 3 potions of ambrosia
 e - 5 potions of lignification
 h - 2 potions of heal wounds
 l - a potion of might {unknown}
 p - a potion of brilliance {unknown}
 r - a potion of enlightenment {unknown}
 s - 2 potions of curing
 A - a potion of attraction


   Skills:
 + Level 6.4 Fighting
 + Level 11.9 Axes
 + Level 6.5 Armour
 + Level 3.4 Dodging
 + Level 0.2 Stealth
 + Level 0.4 Unarmed Combat


You had 8 spell levels left.
You didn't know any spells.
Your spell library contained the following spells:

 Spells                   Type           Power      Damage    Failure   Level
 Magic Dart               Conj           0%         1d3       96%         1
 Blink                    Tloc           0%         N/A       99%         2
 Call Imp                 Summ           0%         N/A       99%         2
 Mephitic Cloud           Conj/Pois/Air  0%         N/A       100%        3
 Manifold Assault         Tloc           0%         N/A       100%        4


Dungeon Overview and Level Annotations

Branches:
Dungeon (7/15)             Temple (0/1) D:7

Altars:
Ashenzari
Dithmenos
Elyvilon
Makhleb
Nemelex Xobeh
Okawaru
Ru
Trog
Uskayaw
Vehumet
Wu Jian
Xom
Zin
The Shining One
Beogh

Shops:
D:7 **

Annotations:
D:3 Talonman3's ghost, amateur BaNe


Message History

You are more poisoned.
The orc misses you.
You barely miss the orc. You slash Talonman3's ghost!
You feel very sick.
Talonman3's ghost hits you but does no damage.
You are more poisoned.
The orc hits you but does no damage.
You slice the orc!!
You kill the orc!
Beogh accepts your kill.
You slash Talonman3's ghost!
You feel very sick.
Talonman3's ghost draws life force from you!!
Talonman3's ghost is healed by the life force!
Okay, then.
Aiming: Smiting
Press: ? - help, Dir - move target, f - Talonman3's ghost Smite: Talonman3's ghost, wielding a weapon of venom (moderately damaged)
You smite Talonman3's ghost!
Talonman3's ghost is heavily damaged.
You feel very sick. Talonman3's ghost hits you.
* * * LOW HITPOINT WARNING * * *
You barely miss Talonman3's ghost.
Talonman3's ghost is heavily damaged.
You feel very sick.
Talonman3's ghost hits you but does no damage.
You are lethally poisoned!
You slash Talonman3's ghost!
Talonman3's ghost is almost destroyed.
* * * LOW HITPOINT WARNING * * *
You feel very sick.
Talonman3's ghost hits you but does no damage.
You are more poisoned.
You barely miss Talonman3's ghost.
Talonman3's ghost is almost destroyed.
* * * LOW HITPOINT WARNING * * *
You feel very sick.
Talonman3's ghost draws life force from you!
You die...

#..### #..####
#..8####### ###.##
#...#.....8 #...#
#...#..##.. #...#
#...#..#8..##...##
#...#..##..#..#..####
#...#.#....#..##.....
#..))W#...[#..#######
#...@)#.8._#### #..
##..).#...[# #.#
#..#.#....# #..
#..#..##..# #####..
#..#[.#8.. ##...#†.
#..#..##.. ##....†)#
#..#.....8 #.......#
#.8####### #...=...#
#### #.......#


You could see Talonman3's ghost.

Vanquished Creatures
  Sigmund (D:2)
  A water moccasin (D:5)
  An orc warrior (D:7)
  A black bear (D:5)
  A sky beast (D:6)
  A centaur (D:7)
  An ogre (D:6)
  A phantom (D:5)
  A kobold brigand (D:7)
  A bullfrog (D:6)
  3 scorpions
  3 howler monkeys (D:7)
  2 jellies
  3 hounds
  2 gnoll boudas
  An orc priest (D:7)
  Ijyb (D:3)
  5 iguanas
  2 orc wizards
  Robin (D:2)
  12 gnolls
  14 adders
  A shadow imp (D:5)
  2 white imps (D:5)
  2 ufetubi (D:3)
  6 worms
  4 dart slugs
  26 orcs
  2 bats
  7 endoplasms
  3 giant cockroaches
  16 goblins
  8 hobgoblins
  4 jackals
  9 kobolds
  6 quokkas
  10 ball pythons
  5 frilled lizards
  4 rats
174 creatures vanquished.

Vanquished Creatures (others)
  An orc (D:7)
1 creature vanquished.

Grand Total: 175 creatures vanquished

Notes
Turn   | Place    | Note
-------+----------+-------------------------------------------
     0 | D:1      | Pixllover the Hill Orc Monk began the quest for the Orb.
     0 | D:1      | Reached XP level 1. HP: 19/19 MP: 1/1
   248 | D:1      | Reached XP level 2. HP: 18/27 MP: 2/2
   654 | D:2      | Noticed Robin
   672 | D:2      | Reached XP level 3. HP: 28/33 MP: 3/3
   684 | D:2      | Killed Robin
   685 | D:2      | Reached skill level 5 in Axes
   703 | D:2      | Noticed Sigmund
   715 | D:2      | Killed Sigmund
   716 | D:2      | Reached skill level 6 in Axes
   716 | D:2      | Reached XP level 4. HP: 25/41 MP: 4/4
   716 | D:2      | Reached XP level 5. HP: 29/47 MP: 5/5
   955 | D:2      | Reached XP level 6. HP: 53/53 MP: 6/6
  1639 | D:3      | Reached skill level 7 in Axes
  1677 | D:3      | Found a shimmering altar of Xom.
  2007 | D:3      | Noticed Ijyb
  2016 | D:3      | Killed Ijyb
  2206 | D:3      | Found a runed translucent gate.
  2206 | D:3      | Noticed Talonman3's ghost (amateur BaNe)
  2207 | D:3      | Found a runed translucent gate.
  2208 | D:3      | Found a runed translucent gate.
  2214 | D:3      | Found a roughly hewn altar of Beogh.
  2533 | D:4      | Reached XP level 7. HP: 59/60 MP: 7/7
  2596 | D:4      | Became a worshipper of Beogh the Brigand
  2596 | D:4      | Reached * piety under Beogh
  2596 | D:4      | Reached ** piety under Beogh
  2867 | D:4      | Reached skill level 8 in Axes
  2881 | D:4      | Reached skill level 5 in Fighting
  3145 | D:5      | Entered Level 5 of the Dungeon
  3611 | D:5      | Reached skill level 9 in Axes
  3611 | D:5      | Reached XP level 8. HP: 61/69 MP: 6/8
  4039 | D:5      | Found a burning altar of Makhleb.
  4039 | D:5      | Found a broken altar of Ashenzari.
  4321 | D:6      | Reached skill level 10 in Axes
  4321 | D:6      | Reached skill level 5 in Armour
  4424 | D:6      | Reached *** piety under Beogh
  5525 | D:7      | Reached XP level 9. HP: 75/75 MP: 9/9
  5530 | D:7      | Reached skill level 11 in Axes
  5570 | D:7      | Found a sparkling altar of Nemelex Xobeh.
  5571 | D:7      | Found a sacrificial altar of Ru.
  5571 | D:7      | Found an iron altar of Okawaru.
  5572 | D:7      | Found a shadowy altar of Dithmenos.
  5594 | D:7      | Found a bloodstained altar of Trog.
  5640 | D:7      | Found a glowing golden altar of the Shining One.
  5643 | D:7      | Found a white marble altar of Elyvilon.
  5644 | D:7      | Found a glowing silver altar of Zin.
  5646 | D:7      | Identified the +1 orcbow "Zathraump" {elec, rN+ Int+3}
  5667 | D:7      | Found a hide-covered altar of Uskayaw.
  6088 | D:7      | Found Hach's General Store.
  6141 | D:7      | Found Boxt's General Store.
  6149 | D:7      | Bought a scroll of identify for 28 gold pieces
  6357 | D:7      | Found a staircase to the Ecumenical Temple.
  6563 | D:3      | Found a radiant altar of Vehumet.
  6563 | D:3      | Found an ornate altar of the Wu Jian Council.
  6832 | D:3      | Killed from afar by Talonman3's ghost

Illustrated notes

Levels and vault maps discovered:
D:1:      tarquinn_simple_flora_water_e, layout_rooms
D:2:      layout_loops_cross, minmay_fractal_squares_5, uniq_sigmund, uniq_robin
D:3:      layout_rooms, lemuel_doored_altar, amethyst_overflow_temple_binary,
          biasface_ghost_orc_armoury, dreamdust_princess_bridge,
          roderic_roman_lattice, uniq_ijyb
D:4:      layout_cave_pools
D:5:      layout_loops_ring, nicolae_overflow_two_pavilions
D:6:      layout_cave_pods
D:7:      layout_basic, good_gods_temple_1,
          chequers_temple_overflow_statue_of_worship,
          mainiacjoe_overflow_cross_hatched,
          nicolae_uskayaw_murder_on_the_dancefloor, temple_statues,
          serial_shops, nicolae_square_shop, nicolae_shop_tiny_waterfront

Skill      XL: |  1  2  3  4  5  6  7  8  9 |
---------------+----------------------------+-----
Fighting       | 4 5 6 |  6.4
Axes           | 6 7 9 10 11 | 11.9
Armour         | 2 3 4 6 |  6.5
Dodging        | 3 |  3.4
Stealth        | |  0.2
Unarmed Combat | |  0.4

Action                     |  1- 3 |  4- 6 |  7- 9 || total
---------------------------+-------+-------+-------++-------
  Melee: Hand axe          |    26 |       |       ||    26
         Battleaxe         |    48 |   169 |   286 ||   503
         Unarmed           |     2 |       |       ||     2
 Invoke: Convert to Beogh  |       |       |     1 ||     1
         Smiting           |       |       |     1 ||     1
    Use: Scroll            |       |     6 |     7 ||    13
         Potion            |       |       |     1 ||     1
 Armour: Ring mail         |    26 |       |       ||    26
         Scale mail        |    27 |   152 |    60 ||   239
         Skin              |       |     1 |       ||     1
         Chain mail        |       |       |   272 ||   272
  Dodge: Dodged            |    37 |   165 |   172 ||   374

Table legend: (Time is in decaauts)
 A = Elapsed time spent in this place.
 B = Non-inter-level travel time spent in this place.
 C = Inter-level travel time spent in this place.
 D = Time resting spent in this place.
 E = Time spent auto-exploring this place.
 F = Levels seen in this place.
 G = Mean time per level.
                   A        B        C        D        E       F      G
               +--------+--------+--------+--------+--------+-----+--------+
         Total |   6978 |   6672 |    306 |   1179 |   3604 |   7 |  996.9 |
       Dungeon |   6978 |   6672 |    306 |   1179 |   3604 |   7 |  996.9 |
               +--------+--------+--------+--------+--------+-----+--------+

Top non-repeatable levels by time:
     D:5: 1192 daAuts
     D:6: 1142 daAuts
     D:3: 1099 daAuts
     D:7: 995 daAuts
     D:2: 966 daAuts
     D:4: 941 daAuts
     D:1: 639 daAuts
